 Dungeon Crawl Stone Soup version 0.31-a0-234-gad7ace16ef (webtiles) character file.

Game seed: 12952808654847119455

390 Nattfarinn the Shooter (level 6, -10/55 HPs)
             Began as a Deep Elf Hexslinger on July 10, 2023.
             Killed by divine providence
             ... invoked by an orc priest
              (14 damage)
             ... on level 4 of the Dungeon.
             The game lasted 00:08:19 (2819 turns).

Nattfarinn the Shooter (Deep Elf Hexslinger)        Turns: 2819, Time: 00:08:19

Health: -10/55     AC: 23    Str: 13    XL:     6   Next: 50%
Magic:  10/10      EV:  2    Int: 18    God:
Gold:   226        SH:  0    Dex: 17    Spells: 7/8 levels left

rFire   . . .        b - +2 dagger (flame)
rCold   . . .        (no shield)
rNeg    . . .        n - melded +0 leather armour
rPois   +            (helmet currently unavailable)
rElec   .            (cloak currently unavailable)
rCorr   .            (gloves currently unavailable)
SInv    .            t - melded +0 pair of boots
Will    .....        (no amulet)
Stlth   ++           e - +6 ring of strength
HPRegen 0.29/turn    (no ring)
MPRegen 0.12/turn

%: no passive effects
@: tree-form
A: stationary, stasis, torment immunity, boosted hp
a: no special abilities


You were on level 4 of the Dungeon.
You were a tree.
You visited 1 branch of the dungeon, and saw 4 of its levels.

You collected 226 gold pieces.

Inventory:

Hand Weapons
 a - a +1 sling of draining
 b - a +2 dagger of flaming (weapon)
Missiles
 p - 2 throwing nets
Armour
 c - a +0 robe
 n - a +0 leather armour (melded)
 t - a +0 pair of boots (melded)
Jewellery
 e - a +6 ring of strength (left branch)
 h - a ring of ice
Wands
 j - a wand of paralysis (5)
Scrolls
 f - a scroll of vulnerability
 i - a scroll of blinking
 k - a scroll of poison
 o - a scroll of amnesia {unknown}
 q - a scroll of noise
 r - 2 scrolls of teleportation {unknown}
 s - a scroll of revelation {unknown}
Potions
 d - a potion of lignification
 m - a potion of curing


   Skills:
 + Level 3.1 Fighting
 * Level 7.5 Ranged Weapons
 - Level 2.5 Dodging
 - Level 1.7 Spellcasting
 - Level 4.1 Hexes


You had 7 spell levels left.
You knew the following spells:

 Your Spells              Type           Power      Damage    Failure   Level
a - Slow                  Hex            64%        N/A       3%          1

Your spell library contained the following spells:

 Spells                   Type           Power      Damage    Failure   Level
 Inner Flame              Hex/Fire       8%         N/A       24%         3
 Portal Projectile        Hex/Tloc       16%        N/A       24%         3
 Blink                    Tloc           2%         N/A       28%         2
 Lesser Beckoning         Tloc           2%         N/A       28%         2
 Momentum Strike          Conj/Tloc      2%         3d8       28%         2
 Cause Fear               Hex            8%         N/A       34%         4


Dungeon Overview and Level Annotations

Branches:
Dungeon (4/15)
 Temple: D:4-7

Altars:
Hepliaklqana
Makhleb
Qazlal
Sif Muna
Vehumet

Shops:
D:3 =

Annotations:
D:2 Sigmund


Message History

You kill the orc wizard!
The orc priest hits you but does no damage.
You barely miss the orc. The orc hits you but does no damage.
The orc priest barely misses you.
You hit the orc. You burn the orc.
You kill the orc!
The orc priest looks satisfied for a moment.
You miss the goblin.
The orc priest hits you but does no damage.
The goblin hits you but does no damage.
You hit the goblin. You burn the goblin.
You kill the goblin!
The orc priest hits you but does no damage.
You barely miss the orc priest.
The orc priest hits you from afar with a +0 trident.
* * * LOW HITPOINT WARNING * * *
The orc priest hits you but does no damage.
It was a potion of curing.
You feel better.
The orc priest hits you from afar with a +0 trident.
* * * LOW HITPOINT WARNING * * *
The orc priest completely misses you.
You barely miss the orc priest.
The orc priest hits you but does no damage.
The orc priest hits you with a +0 whip.
* * * LOW HITPOINT WARNING * * *
You hit the orc priest but do no damage.
Your hearing returns.
The orc priest hits you but does no damage.
The orc priest hits you with a +0 whip.
* * * LOW HITPOINT WARNING * * *
You barely miss the orc priest. You punch the orc priest.
The orc priest is moderately wounded.
The orc priest barely misses you.
The orc priest hits you but does no damage.
You closely miss the orc priest.
The orc priest is moderately wounded.
The orc priest begins to cast a cantrip, but forgets the words!
The orc priest mumbles some strange prayers to Beogh against you.
Beogh smites you!
You die...

##.#..# #..........#
####..#..###
####.#.########
#....###...#
##....#.# #.####
#...## #..####.#
##.# ##...# #.## #.#
#..# ##.†# #.# #..
#.#### ##.# #.# ##.
##...# #.#####.# .
.###.#######..)o♣.)#
.# .#
#.......#..o#######
.#
#######...........#
≈# ##..#.#o###.o. .#
#..##.....### .#
#.#####.#oo.# )##
###.# #.###.# #'#
#...# #.# #gg...#
..# ###.### #.#
##...)#


You could see 2 orc priests.

Vanquished Creatures
  Pargi (D:3)
  Jessica (D:3)
  Natasha (twice) (D:2)
  3 orc wizards
  6 adders
  3 worms
  A dart slug (D:1)
  7 orcs
  9 bats
  2 endoplasms (D:1)
  4 giant cockroaches
  9 goblins
  7 hobgoblins
  10 ball pythons
  A frilled lizard (D:1)
  10 kobolds
  6 rats
82 creatures vanquished.

Notes
Turn   | Place    | Note
-------+----------+-------------------------------------------
     0 | D:1      | Nattfarinn the Deep Elf Hexslinger began the quest for the
                  | Orb.
     0 | D:1      | Reached XP level 1. HP: 11/11 MP: 5/5
    80 | D:1      | Reached skill level 1 in Fighting
    83 | D:1      | Reached skill level 3 in Ranged Weapons
    95 | D:1      | Reached XP level 2. HP: 13/16 MP: 6/6
   576 | D:1      | Found a faded altar of an unknown god.
   581 | D:1      | Reached skill level 4 in Ranged Weapons
   581 | D:1      | Reached XP level 3. HP: 20/20 MP: 7/7
   765 | D:2      | Noticed Natasha
   772 | D:2      | Killed Natasha
   839 | D:2      | Reached XP level 4. HP: 26/26 MP: 8/8
   963 | D:2      | Reached skill level 5 in Ranged Weapons
  1073 | D:2      | Noticed Natasha
  1079 | D:2      | Killed Natasha
  1300 | D:2      | Noticed Sigmund
  1352 | D:3      | Found Qenlupt's Jewellery Shop.
  1409 | D:3      | Found a stormy altar of Qazlal.
  1507 | D:3      | Found a radiant altar of Vehumet.
  1651 | D:3      | Reached XP level 5. HP: 30/30 MP: 7/9
  1672 | D:3      | Noticed Pargi
  1773 | D:3      | Killed Pargi
  1774 | D:3      | Reached skill level 6 in Ranged Weapons
  1975 | D:3      | Reached XP level 6. HP: 36/36 MP: 10/10
  2302 | D:3      | Noticed Jessica
  2304 | D:3      | Killed Jessica
  2305 | D:3      | Reached skill level 7 in Ranged Weapons
  2312 | D:3      | Found a shimmering blue altar of Sif Muna.
  2676 | D:4      | Found a hazy altar of Hepliaklqana.
  2676 | D:4      | Found a burning altar of Makhleb.
  2819 | D:4      | Killed from afar by an orc priest

Illustrated notes

Levels and vault maps discovered:
D:1:      lightli_arrival_lavapool, layout_loops_ring,
          shapermc_ecumenical_altar_notcrosses
D:2:      layout_basic, nicolae_hexahallways, minmay_splitting_lines,
          solitary_fountain, uniq_natasha, uniq_sigmund
D:3:      layout_loops_ring, nicolae_qazlal_scattered_showers,
          fiery_altar_vehumet, tgw_sif, serial_shops, shop, minmay_starry_boxes,
          uniq_pargi, uniq_crazy_yiuf_cottage
D:4:      layout_rooms, mainiacjoe_overflow_divided_tiny,
          evilmike_ruin_ashenzari

Skill      XL: |  1  2  3  4  5  6 |
---------------+-------------------+-----
Fighting       | 1 2 3 |  3.1
Ranged Weapons | 3 4 5 6 7 |  7.5
Dodging        | |  2.5
Spellcasting   | |  1.7
Hexes          | |  4.1

Action                     |  1- 3 |  4- 6 || total
---------------------------+-------+-------++-------
  Melee: Dagger            |       |    44 ||    44
         Punch             |       |     2 ||     2
   Fire: Sling             |    94 |   157 ||   251
   Cast: Slow              |       |    10 ||    10
    Use: Scroll            |       |     8 ||     8
         Potion            |       |     4 ||     4
 Armour: Robe              |     4 |     3 ||     7
         Leather armour    |       |    16 ||    16
         Skin              |       |    18 ||    18
  Dodge: Dodged            |    25 |    72 ||    97

Table legend: (Time is in decaauts)
 A = Elapsed time spent in this place.
 B = Non-inter-level travel time spent in this place.
 C = Inter-level travel time spent in this place.
 D = Time resting spent in this place.
 E = Time spent auto-exploring this place.
 F = Levels seen in this place.
 G = Mean time per level.
                   A        B        C        D        E       F      G
               +--------+--------+--------+--------+--------+-----+--------+
         Total |   2858 |   2799 |     59 |     90 |   2125 |   4 |  714.5 |
       Dungeon |   2858 |   2799 |     59 |     90 |   2125 |   4 |  714.5 |
               +--------+--------+--------+--------+--------+-----+--------+

Top non-repeatable levels by time:
     D:3: 1093 daAuts
     D:2: 694 daAuts
     D:1: 684 daAuts
     D:4: 386 daAuts
